 Dungeon Crawl Stone Soup version 0.28-a0-401-ge240ad9e29 (webtiles) character file.

Game seed: 5969446827439112490

1038 omnomnOMINOUS the Skirmisher (level 8, -3/87 HPs)
             Began as an Octopode Wanderer on Sept 5, 2021.
             Was a Follower of Zin.
             Slain by a wyvern zombie (6 damage)
             ... on level 6 of the Dungeon.
             The game lasted 00:16:50 (5240 turns).

omnomnOMINOUS the Skirmisher (Octopode Wanderer)    Turns: 5240, Time: 00:16:50

Health: -3/87      AC: 24    Str:  9 (11) XL:     8   Next: 24%
Magic:  8/8        EV:  2    Int: 14 (15) God:    Zin [*.....]
Gold:   126        SH:  0    Dex: 11 (13) Spells: 7/7 levels left

rFire   + . .      SeeInvis .   a - +0 trident
rCold   . . .      Faith    .   (no shield)
rNeg    + + +      Spirit   .   (helmet currently unavailable)
rPois   +          Reflect  .   (no amulet)
rElec   .          Harm     .   g - ring of protection from fire
rCorr   .          Rampage  .   n - +4 ring of slaying
Will    .....      NoTele   +   D - ring of positive energy
Stlth   +.........              (no ring)
HPRegen 0.24/turn               (no ring)
MPRegen 0.11/turn               (no ring)
                                (no ring)
                                (no ring)

@: tree-form, attractive
A: stationary, stasis, torment immunity, boosted hp, almost no armour,
(amphibious), 8 rings, (camouflage 1), (gelatinous body 1), (nimble swimmer 1),
(tentacles)
a: Renounce Religion, Recite, Donate Gold


You were on level 6 of the Dungeon.
You worshipped Zin.
Zin was aware of your devotion.
You were a tree.
You visited 1 branch of the dungeon, and saw 6 of its levels.

You collected 140 gold pieces.
You donated 14 gold pieces to Zin.

Inventory:

Hand Weapons
 a - a +0 trident (weapon)
 b - a +2 shortbow
 c - a +0 dagger
Missiles
 e - 101 arrows
 A - 7 silver javelins (quivered)
Magical Staves
 q - a staff of poison
Jewellery
 g - a ring of protection from fire (left branch)
 n - a +4 ring of slaying (right branch)
 D - a ring of positive energy (on tentacle)
Wands
 t - a wand of paralysis (5)
 y - a wand of iceblast (7)
 B - a wand of digging (6)
Scrolls
 d - 2 scrolls of fear
 f - a scroll of fog
 i - a scroll of immolation
 j - a scroll of teleportation {unknown}
 k - 2 scrolls of enchant armour
 m - a scroll of noise {unknown}
 r - a scroll of enchant weapon {unknown}
 u - a scroll of amnesia {unknown}
 v - a scroll of vulnerability {unknown}
Potions
 h - a potion of curing
 o - a potion of brilliance {unknown}
 p - a potion of haste {unknown}
 s - a potion of flight
 w - a potion of invisibility {unknown}
 x - a potion of attraction
 z - a potion of resistance {unknown}
 C - a potion of lignification


   Skills:
 + Level 6.5 Fighting
 * Level 5.9 Polearms
 - Level 2.0 Bows
 - Level 1.0 Throwing
 + Level 6.4 Dodging
 - Level 1.0 Shields


You had 7 spell levels left.
You didn't know any spells.
Your spell library was empty.

Dungeon Overview and Level Annotations

Branches:
Dungeon (6/15)             Temple (0/1) D:6

Altars:
Ashenzari
Gozag
Hepliaklqana
Nemelex Xobeh
Ru
Sif Muna
Yredelemnul
Zin

Shops:
D:4 :

Portals:
Ossuary: D:6

Annotations:
D:5 exclusions: 2 orcs, orc wizard and two-headed ogre
D:6 1 runed translucent door, exclusion: two-headed ogre, CraigForest's ghost, weakling GrDe; Edmund


Innate Abilities, Weirdness & Mutations

You are a tree.
Your roots penetrate the ground, keeping you stationary.
You cannot be teleported.
You are immune to unholy pain and torment.
Your maximum health is greatly increased.
You cannot wear most types of armour.
((You are amphibious.))
You can wear up to eight rings at the same time.
((Your skin changes colour to match your surroundings (Stealth+).))
((Your rubbery body absorbs attacks. (AC +1, EV +1)))
((You are camouflaged near water. (Stealth+)))
((You have tentacles for arms and can constrict up to eight enemies at once.))


Message History

You hit Edmund.
Edmund is lightly wounded.
You constrict Edmund, but do no damage. The wyvern zombie bites you.
Edmund hits you with a +4 flail of protection!
The wyvern zombie barely misses you.
It was a potion of flight.
You feel very buoyant.
You fly up into the air.
You constrict Edmund, but do no damage. The wyvern zombie bites you!
* * * LOW HITPOINT WARNING * * *
Edmund hits you with a +4 flail of protection.
* * * LOW HITPOINT WARNING * * *
It was a potion of attraction.
You feel attractive to monsters.
You constrict Edmund, but do no damage. The wyvern zombie bites you.
* * * LOW HITPOINT WARNING * * *
Edmund hits you with a +4 flail of protection.
* * * LOW HITPOINT WARNING * * *
It was a potion of lignification.
You turn into a tree.
Your roots penetrate the ground.
You lose your grip on Edmund.
Zin forgives your inadvertent chaotic act, just this once.
The wyvern zombie bites you.
* * * LOW HITPOINT WARNING * * *
Edmund hits you but does no damage.
The wyvern zombie bites you but does no damage.
You feel better. The wyvern zombie bites you!
* * * LOW HITPOINT WARNING * * *
Edmund hits you but does no damage.
You feel better. The wyvern zombie bites you.
* * * LOW HITPOINT WARNING * * *
Edmund hits you but does no damage.
It was a potion of degeneration.
There was something very wrong with that liquid.
You feel weakened.
You feel dopey.
You feel clumsy. The wyvern zombie bites you.
* * * LOW HITPOINT WARNING * * *
Edmund hits you with a +4 flail of protection.
* * * LOW HITPOINT WARNING * * *
The wyvern zombie bites you.
You die...

#.#.# #.##.#...##
##+## #.#.#...#.#
##...## #. #..#..#
##.....###.###.#.##
##.......##........#
#.........##.#.>†#.###
+...@Z....+...........
#....♣....##.#.[...###
##.......###.####..#
##.....## #...##..#
##...## #.#.##..#
##'## #...#...# #.#
#.#.##.##
####†######...#..#
#.........#.#.#
#>#....##.#...#


You could see Edmund and a wyvern zombie.

Vanquished Creatures
  A wyvern (D:6)
  2 water moccasins (D:6)
  A sky beast (D:6)
  An ogre (D:4)
  A bullfrog (D:6)
  2 scorpions
  A bullfrog skeleton (D:5)
  An iguana (D:5)
  Terence (D:2)
  Ijyb (D:5)
  A hound skeleton (D:5)
  A mummy (D:4)
  2 howler monkey zombies
  4 gnolls (D:3)
  6 adders
  A shadow imp (D:6)
  An adder skeleton (D:4)
  A dart slug (D:5)
  5 orcs (D:3)
  5 ball pythons
  4 bats
  9 endoplasms
  3 giant cockroaches
  5 goblins
  7 hobgoblins
  3 jackals (D:3)
  7 kobolds
  4 quokkas
  7 frilled lizards
  A hobgoblin zombie (D:4)
  2 kobold zombies (D:4)
  An orc zombie (D:4)
  5 rats
97 creatures vanquished.

Vanquished Creatures (others)
  A plant (D:1)
1 creature vanquished.

Grand Total: 98 creatures vanquished

Notes
Turn   | Place    | Note
-------+----------+-------------------------------------------
     0 | D:1      | omnomnOMINOUS the Octopode Wanderer began the quest for the
                  | Orb.
     0 | D:1      | omnomnOMINOUS set off with the following items: a +2
                  | shortbow, 27 arrows, 2 potions of curing
     0 | D:1      | Reached XP level 1. HP: 19/19 MP: 1/1
   259 | D:1      | Reached skill level 1 in Dodging
   477 | D:1      | Reached XP level 2. HP: 21/25 MP: 2/2
   805 | D:1      | You fall into a shaft and drop 1 floor!
  1103 | D:1      | Reached XP level 3. HP: 26/30 MP: 3/3
  2112 | D:2      | Noticed Terence
  2124 | D:2      | Killed Terence
  2125 | D:2      | Reached XP level 4. HP: 34/36 MP: 4/4
  2614 | D:3      | Reached skill level 1 in Polearms
  2739 | D:3      | Reached XP level 5. HP: 31/41 MP: 5/5
  3512 | D:4      | Noticed an ogre
  3555 | D:4      | Found a glowing silver altar of Zin.
  3563 | D:4      | Found a basalt altar of Yredelemnul.
  3564 | D:4      | Found an opulent altar of Gozag.
  3565 | D:4      | Found a sacrificial altar of Ru.
  3566 | D:4      | Found a broken altar of Ashenzari.
  3566 | D:4      | Found a shimmering blue altar of Sif Muna.
  3566 | D:4      | Found a hazy altar of Hepliaklqana.
  3567 | D:4      | Found a sparkling altar of Nemelex Xobeh.
  3572 | D:4      | Became a worshipper of Zin the Law-Giver
  3647 | D:4      | Reached * piety under Zin
  3861 | D:4      | Found Xuirih's Book Shop.
  3890 | D:4      | Killed an ogre
  3891 | D:4      | Reached skill level 5 in Dodging
  3891 | D:4      | Reached XP level 6. HP: 8/46 MP: 6/6
  4399 | D:5      | Entered Level 5 of the Dungeon
  4500 | D:5      | Noticed Ijyb
  4510 | D:5      | Killed Ijyb
  4617 | D:5      | Reached XP level 7. HP: 52/52 MP: 7/7
  4837 | D:5      | Noticed a two-headed ogre
  4934 | D:6      | Found a runed translucent door.
  4939 | D:6      | Noticed CraigForest's ghost (weakling GrDe)
  4953 | D:6      | Found a staircase to the Ecumenical Temple.
  5154 | D:6      | Noticed a two-headed ogre
  5175 | D:6      | Reached skill level 5 in Polearms
  5192 | D:6      | Found a sand-covered staircase.
  5209 | D:6      | Noticed a wyvern
  5218 | D:6      | Killed a wyvern
  5219 | D:6      | Reached XP level 8. HP: 57/58 MP: 8/8
  5229 | D:6      | Noticed Edmund
  5240 | D:6      | HP: 3/87 [Edmund (4)]
  5240 | D:6      | Slain by a wyvern zombie

Illustrated notes

Levels and vault maps discovered:
D:1:      minmay_arrival_four_houses, layout_basic, serial_forest,
          infiniplex_forest_zigzag_1, infiniplex_forest_end_1,
          infiniplex_forest_clump_tiny, infiniplex_forest_clump_medium,
          infiniplex_forest_clump_double, infiniplex_forest_clump_diagonal,
          infiniplex_forest_straight_2, infiniplex_forest_end_1,
          infiniplex_forest_lined_ring, infiniplex_forest_split,
          minmay_statues_item, minmay_misc_feat_more_columns
D:2:      layout_rooms, grunt_ministairs_12, uniq_terence
D:3:      layout_basic, minmay_checkerbox
D:4:      layout_rooms, grunt_temple_overflow_open, serial_shops,
          shop_fountains, minmay_mini_ossuary
D:5:      layout_rooms, uniq_ijyb
D:6:      layout_loops_corners, minmay_temple_entry_poolview, enter_ossuary_3,
          ebering_ghost_reflecting_pool, hangedman_minor_gate_pass, uniq_edmund

Skill      XL: |  1  2  3  4  5  6  7 |
---------------+----------------------+-----
Dodging        | 1 2 3 4 5 6 |  6.4
Polearms       | 1 3 5 |  5.9
Fighting       | |  6.5
Bows           | |  2.0
Throwing       | |  1.0
Shields        | |  1.0

Action                   |  1- 3 |  4- 6 |  7- 9 || total
-------------------------+-------+-------+-------++-------
Melee: Unarmed           |    13 |       |       ||    13
       Spear             |    75 |       |       ||    75
       Constrict         |    18 |    25 |     9 ||    52
       Tentacles         |    11 |    18 |     7 ||    36
       Trident           |       |   107 |    45 ||   152
 Fire: Shortbow          |     4 |     5 |       ||     9
  Use: Scroll            |       |       |     4 ||     4
       Potion            |       |       |     6 ||     6
 Stab: Sleeping          |    12 |     7 |     2 ||    21
       Distracted        |       |     1 |       ||     1
Armor: Skin              |     1 |     1 |     4 ||     6
Dodge: Dodged            |    31 |    63 |    28 ||   122

Table legend: (Time is in decaauts)
 A = Elapsed time spent in this place.
 B = Non-inter-level travel time spent in this place.
 C = Inter-level travel time spent in this place.
 D = Time resting spent in this place.
 E = Time spent auto-exploring this place.
 F = Levels seen in this place.
 G = Mean time per level.
                   A        B        C        D        E       F      G
               +--------+--------+--------+--------+--------+-----+--------+
         Total |   5268 |   4977 |    291 |    876 |   3224 |   6 |  878.0 |
       Dungeon |   5268 |   4977 |    291 |    876 |   3224 |   6 |  878.0 |
               +--------+--------+--------+--------+--------+-----+--------+

Top non-repeatable levels by time:
     D:1: 1833 daAuts
     D:3: 1240 daAuts
     D:4: 812 daAuts
     D:2: 536 daAuts
     D:5: 518 daAuts
     D:6: 327 daAuts
